 Dungeon Crawl Stone Soup version 0.17-a0-2069-g0f4ee5b (webtiles) character file.

1300 pk666 the Skirmisher (level 8, -11/74 HPs)
             Began as a Minotaur Fighter on Oct 14, 2015.
             Killed by divine providence
             ... invoked by an orc priest
              (17 damage)
             ... on level 6 of the Dungeon.
             The game lasted 00:11:42 (5235 turns).

pk666 the Skirmisher (Minotaur Fighter)             Turns: 5235, Time: 00:11:42

Health: -11/74     AC:  6    Str: 20    XL:     8   Next: 31%
Magic:  7/7        EV:  8    Int:  5    God:
Gold:   221        SH:  9    Dex: 13    Spells: 0 memorised, 7 levels left

rFire  . . .     SeeInvis .     a - +1 war axe
rCold  . . .     Clarity  .     y - +0 ring mail (curse)
rNeg   . . .     SustAt   .     c - +0 shield
rPois  .         Gourm    .     (helmet restricted)
rElec  .         Spirit   .     (no cloak)
rCorr  .         Warding  .     (no gloves)
rMut   .         Stasis   .     (no boots)
MR     .....                    (no amulet)
Stlth  +.........               (no ring)
                                (no ring)

@: not resistant to hostile enchantments, very unstealthy
A: retaliatory headbutt, horns 2
a: no special abilities


You were on level 6 of the Dungeon.
You were not hungry.

You visited 1 branch of the dungeon, and saw 6 of its levels.

You collected 221 gold pieces.

Inventory:

Hand Weapons
 a - a +1 war axe (weapon)
Armour
 b - a +0 scale mail
 c - a +0 shield (worn)
 y - a cursed +0 ring mail (worn)
Jewellery
 o - a cursed ring of loudness {unknown}
Scrolls
 e - 2 scrolls of identify
 f - 3 scrolls of enchant weapon
 h - a scroll of fog
 j - a scroll of teleportation
 q - a scroll of remove curse {unknown}
 u - a scroll of amnesia
Potions
 d - 2 potions of might
 g - a potion of degeneration {unknown}
 k - 4 potions of lignification
 l - 2 potions of curing {unknown}
 r - a potion of flight {unknown}
 s - a potion of haste {unknown}
Comestibles
 i - 3 slices of pizza
 m - a royal jelly
 n - 3 fruits
 p - 2 beef jerkies
 t - a chunk of flesh
 v - a meat ration
 x - 5 bread rations


   Skills:
 + Level 7.9 Fighting
 + Level 7.2 Axes
 + Level 7.9 Armour
 - Level 3.6 Shields


You had 7 spell levels left.
You didn't know any spells.

Dungeon Overview and Level Annotations

Branches:
Dungeon (6/15)
 Temple: D:4-7

Altars:
Ashenzari
Kikubaaqudgha
Nemelex Xobeh
Ru

Shops:
D:4 *


Innate Abilities, Weirdness & Mutations

You reflexively headbutt those who attack you in melee.
You have a pair of horns on your head.


Message History

Something hits you.
* * * LOW HITPOINT WARNING * * *
The orc priest hits you but does no damage.
You hear some strange, mumbled words.
A magic dart appears from out of thin air!
The magic dart hits you!
* * * LOW HITPOINT WARNING * * *
Your shield prevents you from hitting the orc priest.
The orc priest is heavily wounded.
You miss something. Something hits you.
* * * LOW HITPOINT WARNING * * *
The orc priest hits you.
* * * LOW HITPOINT WARNING * * *
The orc priest closely misses you. Something hits you but does no damage.
You hit the orc priest.
The orc priest is almost dead.
You hit something but do no damage. Something hits you but does no damage.
The orc priest calls down the wrath of Beogh upon you.
Something smites you!
You die...

#.......#.# #.
####.......#.. ##.
#..........##. #.. ##
#..........##. #.. ...
#..........##.##.. ....
#..).......##..#.. .....
#....$.....# #.#..
......#.....?....###....
......{@).#####+#.......
......#o).# #.......
...)......... #.......
......#.##.### #.......
(###....# .# ######..
#..... .# ..... #.....
.# ####.. #..... .# ..>
....


You could see an orc priest.

Vanquished Creatures
  Sigmund (D:3)
  2 phantoms (D:4)
  4 ogres
  A scorpion (D:4)
  A hound (D:6)
  A giant frog zombie (D:5)
  A jelly (D:5)
  2 orc priests
  2 orc wizards
  A giant frog skeleton (D:5)
  An iguana (D:6)
  Terence (D:2)
  3 worker ants
  A hound zombie (D:5)
  4 gnolls
  5 adders
  An ooze (D:2)
  3 worms
  2 giant geckos
  9 orcs
  9 bats
  3 bat zombies (D:2)
  5 giant cockroaches
  14 hobgoblins
  A quokka (D:6)
  2 ball pythons (D:2)
  A giant gecko skeleton (D:4)
  4 giant newts
  4 goblins
  14 jackals
  8 kobolds
  6 rats
  A rat zombie (D:2)
118 creatures vanquished.

Notes
Turn   | Place    | Note
--------------------------------------------------------------
     0 | D:1      | pk666 the Minotaur Fighter began the quest for the Orb.
     0 | D:1      | Reached XP level 1. HP: 19/19 MP: 0/0
    38 | D:1      | Reached XP level 2. HP: 24/27 MP: 1/1
   241 | D:1      | Reached skill level 4 in Armour
   394 | D:1      | Reached XP level 3. HP: 29/33 MP: 2/2
  1048 | D:2      | Noticed Terence
  1059 | D:2      | Killed Terence
  1059 | D:2      | Reached XP level 4. HP: 34/41 MP: 3/3
  1566 | D:2      | Found an ancient bone altar of Kikubaaqudgha.
  1854 | D:3      | Reached skill level 5 in Armour
  1854 | D:3      | Reached XP level 5. HP: 37/47 MP: 4/4
  1925 | D:3      | Reached skill level 5 in Fighting
  2230 | D:3      | Noticed Sigmund
  2243 | D:3      | Killed Sigmund
  2243 | D:3      | Reached skill level 5 in Axes
  2243 | D:3      | Reached skill level 6 in Armour
  2243 | D:3      | Reached XP level 6. HP: 19/56 MP: 5/5
  3207 | D:4      | Reached XP level 7. HP: 63/63 MP: 6/6
  3309 | D:4      | Found Cusuh's Assorted Antiques.
  3481 | D:4      | Found a sparkling altar of Nemelex Xobeh.
  4101 | D:4      | Reached skill level 7 in Armour
  4192 | D:5      | Entered Level 5 of the Dungeon
  4196 | D:5      | Found a sacrificial altar of Ru.
  4454 | D:5      | Reached XP level 8. HP: 55/73 MP: 7/7
  4580 | D:5      | Found a shattered altar of Ashenzari.
  5235 | D:6      | Killed from afar by an orc priest

Vault maps used:
D:1:      lightli_arrival_noodles, hangedman_decor_points, st_stairs_9
D:2:      lemuel_zombie_altar_kikubaaqudgha, minmay_liquid_box, uniq_terence
D:3:      first_bread, uniq_sigmund
D:4:      overflow_temple_1_default, serial_shops, nicolae_shop_waterfront,
          minmay_stone_trees_small
D:5:      kennysheep_mini_moat, basic_altar
D:6:      uniq_crazy_yiuf_cottage, uniq_grinder

Action                   |  1- 3 |  4- 6 |  7- 9 || total
-------------------------+-------+-------+-------++-------
Melee: War axe           |    94 |   153 |   115 ||   362
  Use: Scroll            |       |       |     8 ||     8
  Eat: Chunk             |       |     7 |     7 ||    14
